 Dungeon Crawl Stone Soup version 0.23.1 (webtiles) character file.

Game seed: 4291234702694438281

2899 Borgoz the Skirmisher (level 9, -5/78 HPs)
             Began as a Ghoul Gladiator on Mar 15, 2019.
             Was a Believer of Ashenzari.
             Killed from afar by a gargoyle (23 damage)
             ... with a stone arrow
             ... on level 7 of the Dungeon.
             The game lasted 00:12:09 (6228 turns).

Borgoz the Skirmisher (Ghoul Gladiator)             Turns: 6228, Time: 00:12:09

Health: -5/78      AC:  7    Str: 18    XL:     9   Next: 77%
Magic:  8/8        EV: 13    Int:  4    God:    Ashenzari [**....]
Gold:   220        SH:  0    Dex: 12    Spells: 8/8 levels left

rFire    . . .     SeeInvis .   b - +2 rapier (drain)
rCold    + . .     Gourm    .   (no shield)
rNeg     + + +     Faith    .   o - +0 ring mail
rPois    ∞         Spirit   .   c - +0 helmet (curse)
rElec    .         Reflect  .   (no cloak)
rCorr    .         Harm     .   (no gloves)
MR       .....                  (no boots)
Stlth    +++.......             (no amulet)
HPRegen  0.00/turn              g - ring of wizardry
MPRegen  0.11/turn              (no ring)

@: rotting, hasted, very quick
A: rotting body, claws 1, carnivore, cold resistance 1, negative energy
resistance 3, inhibited regeneration, torment resistance, unbreathing
a: Curse Item, Scrying, Renounce Religion


You were on level 7 of the Dungeon.
You worshipped Ashenzari.
Ashenzari was pleased with you.
You were not hungry.

You visited 2 branches of the dungeon, and saw 9 of its levels.

You collected 395 gold pieces.
You spent 175 gold pieces at shops.

Inventory:

Hand Weapons
 a - the +4 dagger "Yzeeskat" {elec, rF- rN+ MR+++ Str+5}
   (You bought it in a shop on level 5 of the Dungeon)

   Occasionally, upon striking a foe, it will discharge some electrical energy
   and cause terrible harm.
   It affects your strength (+5).
   It makes you vulnerable to fire.
   It protects you from negative energy.
   It affects your resistance to hostile enchantments.
 b - a +2 rapier of draining (weapon)
 r - a +0 rapier
 t - a +2 dagger of venom
 v - a +0 dagger of electrocution
Missiles
 d - 3 throwing nets (quivered)
Armour
 c - a cursed +0 helmet (worn)
 o - a +0 ring mail (worn)
Jewellery
 g - a ring of wizardry (left claw)
 x - a +3 ring of evasion
Wands
 j - a wand of digging (5)
 n - a wand of clouds (7)
 p - a wand of disintegration (18)
Scrolls
 e - a scroll of amnesia
 h - 4 scrolls of teleportation
 i - a scroll of remove curse
 l - a scroll of enchant armour {unknown}
 m - a scroll of fog
 y - a scroll of enchant weapon {unknown}
Potions
 u - a potion of curing
 w - a potion of flight {unknown}
Comestibles
 f - 6 rations


   Skills:
 + Level 6.8 Fighting
 + Level 6.0 Short Blades
 - Level 1.7 Throwing
 + Level 5.2 Armour
 + Level 6.0 Dodging
 + Level 6.8 Stealth


You had 8 spell levels left.
You didn't know any spells.
Your spell library contained the following spells:

 Spells                   Type           Power        Failure   Level  Hunger
 Magic Dart               Conj           #...         34%         1    ##.....
 Blink                    Tloc           N/A          47%         2    ###....
 Call Imp                 Summ           #.......     47%         2    ###....
 Slow                     Hex            #.......     47%         2    ###....
 Conjure Flame            Conj/Fire      #.......     71%         3    ####...
 Mephitic Cloud           Conj/Pois/Air  #.......     71%         3    ####...


Dungeon Overview and Level Annotations

Branches:
Dungeon (8/15)             Temple (1/1) D:4
   Lair: D:8-11

Altars:
Ashenzari
Dithmenos
Elyvilon
Fedhas
Gozag
Hepliaklqana
Kikubaaqudgha
Makhleb
Nemelex Xobeh
Okawaru
Qazlal
Ru
Sif Muna
Trog
Uskayaw
Vehumet
Wu Jian
Xom
Zin

Shops:
D:5 (

Annotations:
D:8 exclusion: orange crystal statue


Innate Abilities, Weirdness & Mutations

Your body is rotting away.
You thrive on raw meat.
You are immune to poison.
You have sharp fingernails.
You are carnivorous and can eat meat at any time.
Your flesh is cold resistant. (rC+)
You are immune to negative energy. (rN+++)
You do not regenerate when monsters are visible.
You are immune to unholy pain and torment.
You can survive without breathing.


Message History

The gargoyle is almost destroyed.
The gargoyle barely misses you.
You hit the gargoyle.
The gargoyle is almost destroyed.
You hit the gargoyle but do no damage.
The gargoyle is almost destroyed.
The gargoyle hurls a stone arrow at you.
The stone arrow misses you.
You hit the gargoyle but do no damage.
The gargoyle is almost destroyed.
The gargoyle hurls a stone arrow at you.
The stone arrow hits you!
* * * LOW HITPOINT WARNING * * *
You hit the gargoyle but do no damage.
The gargoyle is almost destroyed.
You hit the gargoyle but do no damage.
The gargoyle is almost destroyed.
The gargoyle hurls a stone arrow at you.
The stone arrow hits you!!
You die...

#### ##
###..###.#
#........#
#........#
#.......#
##......#
#.....## ,
#>@9..#
##....##
#.....# *
* #....##
#....#
#...## ,
##...#
#...## , *
#...#


You could see a gargoyle.

Vanquished Creatures
  Pikel (D:4)
  Sigmund (D:4)
  Menkaure (D:5)
  An orc warrior (D:6)
  A sky beast (D:6)
  2 ice beasts (D:5)
  A necrophage (D:6)
  A slave (D:4)
  A phantom (D:4)
  2 centaurs
  An ogre (D:4)
  Blork the orc (D:6)
  3 bullfrogs
  5 killer bees (D:7)
  3 wights (D:6)
  2 crimson imps
  2 hounds
  A centaur skeleton (D:5)
  An orc priest (D:6)
  A bullfrog skeleton (D:5)
  4 orc wizards
  2 iguanas
  6 worker ants
  A hound zombie (D:5)
  3 hound skeletons
  A worker ant zombie (D:6)
  8 adders
  A howler monkey skeleton (D:6)
  An ooze (D:3)
  2 worms
  2 dart slugs
  9 leopard geckos
  9 orcs
  A ball python (D:3)
  2 giant cockroaches
  9 goblins
  12 hobgoblins
  12 jackals
  6 kobolds
  4 quokkas
  A ball python zombie (D:6)
  8 bats
  10 frilled lizards
  A quokka zombie (D:5)
  7 rats
154 creatures vanquished.

Vanquished Creatures (others)
  A quokka (D:4)
1 creature vanquished.

Grand Total: 155 creatures vanquished

Notes
Turn   | Place    | Note
-------+----------+-------------------------------------------
     0 | D:1      | Borgoz the Ghoul Gladiator began the quest for the Orb.
     0 | D:1      | Reached XP level 1. HP: 17/17 MP: 0/0
   137 | D:1      | Reached XP level 2. HP: 19/25 MP: 1/1
   237 | D:1      | Reached skill level 1 in Stealth
   296 | D:1      | Reached XP level 3. HP: 25/30 MP: 2/2
   401 | D:1      | Reached skill level 1 in Armour
   925 | D:2      | Found a shattered altar of Ashenzari.
   962 | D:2      | Became a worshipper of Ashenzari the Shackled
  1127 | D:2      | Reached XP level 4. HP: 37/37 MP: 3/3
  2081 | D:2      | Reached XP level 5. HP: 35/45 MP: 4/4
  2961 | D:4      | Noticed Sigmund
  2980 | D:4      | Killed Sigmund
  2980 | D:4      | Reached XP level 6. HP: 9/52 MP: 5/5
  3444 | D:4      | Noticed a phantom
  3474 | D:4      | Killed a phantom
  3474 | D:4      | Reached XP level 7. HP: 52/59 MP: 6/6
  3498 | D:4      | Found a staircase to the Ecumenical Temple.
  3525 | Temple   | Entered the Ecumenical Temple
  3891 | D:4      | Noticed Pikel
  3932 | D:4      | Killed Pikel
  3932 | D:4      | Reached skill level 5 in Fighting
  3932 | D:4      | Reached XP level 8. HP: 47/68 MP: 7/7
  4323 | D:5      | Entered Level 5 of the Dungeon
  4323 | D:5      | Found a shimmering altar of Xom.
  4490 | D:5      | Reached skill level 5 in Stealth
  4528 | D:5      | Found Anwiag's Antique Weapon Shoppe.
  4540 | D:5      | Bought a crystal dagger for 175 gold pieces
  4540 | D:5      | Identified the +4 dagger "Yzeeskat" {elec, rF- rN+ MR+++
                  | Str+5} (You bought it in a shop on level 5 of the Dungeon)
  4566 | D:5      | Reached skill level 5 in Dodging
  4585 | D:5      | Reached * piety under Ashenzari
  4604 | D:5      | Reached skill level 5 in Short Blades
  4658 | D:5      | Noticed Menkaure
  4672 | D:5      | Killed Menkaure
  4881 | D:5      | Reached XP level 9. HP: 71/74 MP: 8/8
  5598 | D:6      | Found a hazy altar of Hepliaklqana.
  5607 | D:6      | Found a white marble altar of Elyvilon.
  5624 | D:6      | Found an opulent altar of Gozag.
  5638 | D:6      | Noticed Blork the orc
  5640 | D:6      | Killed Blork the orc
  5892 | D:6      | Reached ** piety under Ashenzari
  5950 | D:7      | Reached skill level 5 in Armour
  6143 | D:8      | Noticed an orange crystal statue
  6185 | D:7      | Noticed a gargoyle
  6228 | D:7      | Killed from afar by a gargoyle

Skill      XL: |  1  2  3  4  5  6  7  8  9 |
---------------+----------------------------+-----
Stealth        | 1 2 3 4 5 6 |  6.8
Dodging        | 3 4 5 6 |  6.0
Armour         | 1 2 3 4 5 |  5.2
Short Blades   | 3 4 5 6 |  6.0
Fighting       | 3 4 5 6 |  6.8
Throwing       | |  1.7

Action                   |  1- 3 |  4- 6 |  7- 9 || total
-------------------------+-------+-------+-------++-------
Melee: Rapier            |   135 |   108 |    13 ||   256
       Dagger            |       |    78 |   317 ||   395
Invok: Curse Item        |       |       |     1 ||     1
  Use: Scroll            |     1 |     6 |     3 ||    10
       Potion            |       |     1 |     2 ||     3
 Stab: Sleeping          |       |     4 |    12 ||    16
  Eat: Chunk             |    16 |    19 |    21 ||    56
Armor: Leather armour    |    43 |    28 |       ||    71
       Ring mail         |       |    23 |   100 ||   123
Dodge: Dodged            |    96 |   115 |   211 ||   422
